Flames vs Canucks

Created - 24 février 2021 at 20:18

Goals
1 2 3 T
Flames 1 0 0 1
Canucks 2 0 2 4
Shots
1 2 3 T
Flames 10 8 6 24
Canucks 11 18 6 35

1st period

1. Canucks , Ryan O'Reilly 16 (Alex Pietrangelo 32, Jake Virtanen 13) at 5:46
2. Flames , Pavel Buchnevich 8 (John Tavares 45, Marc Staal 6) at 8:29
3. Canucks , Brayden Point 25 (Mitch Marner 38, Jake Muzzin 19) at 17:31

Penalties :
Ryan Ellis (VAN) for Interference (Minor) at 3:28, Jake Muzzin (VAN) for Interference (Minor) at 11:45, Brayden McNabb (CGY) for High sticking (Minor) at 14:57

2nd period

No Goal

Penalties :
Jared Spurgeon (CGY) for Tripping (Minor) at 5:16

3rd period

4. Canucks , Blake Coleman 17 (Ron Hainsey 10) at 13:00
5. Canucks , Anthony Duclair 22 (Brayden Point 29, Alex Pietrangelo 33) at 17:54

Penalties :
Sean Kuraly (CGY) for Slashing (Minor) at 4:00, Ryan Getzlaf (CGY) for Roughing (Minor) at 9:03

Goalie Stats

Jordan Binnington (CGY), 31 saves from 35 shots - (0,886), L, 29-18-6, 60:00 minutes
Carey Price (VAN), 23 saves from 24 shots - (0,958), W, 30-16-7, 60:00 minutes

Players Stats for Flames

Player Name              G  A  P  +/- PIM S  H  SB GA TA FO     MP     PP MP  PK MP  
------------------------------------------------------------------------------------
Alec Martinez            0  0  0  -2  0   0  0  2  0  0  0/0    20:10   1:43   4:04 
Andrew Mangiapane        0  0  0  -1  0   1  0  0  0  0  1/2    13:01   0:00   0:59 
Blake Wheeler            0  0  0  -1  0   3  0  0  0  0  1/1    20:16   1:21   1:30 
Brady Tkachuk            0  0  0  -1  0   2  1  0  0  0  1/2    18:16   1:21   0:00 
Brayden McNabb           0  0  0  -2  2   2  1  4  0  0  0/0    19:24   1:43   3:19 
Brock McGinn             0  0  0   0  0   1  2  0  0  0  0/1     7:56   0:00   3:34 
Charlie Coyle            0  0  0  -1  0   1  1  0  0  0  0/0    18:08   2:37   3:59 
Esa Lindell              0  0  0  -1  0   1  0  1  0  0  0/0    23:26   2:15   3:52 
Ethan Bear               0  0  0   0  0   0  1  0  0  0  0/0    16:24   0:00   0:00 
Jakub Vrana              0  0  0  -1  0   3  0  0  0  0  1/2    18:52   2:37   0:54 
Jared Spurgeon           0  0  0  -1  2   2  2  0  0  0  0/0    20:30   0:00   3:12 
John Tavares             0  1  1  -1  0   3  0  0  0  0  17/29  21:23   1:21   0:00 
Marc Staal               0  1  1   0  0   0  0  1  0  0  0/0    17:49   0:00   1:25 
Max Domi                 0  0  0  -1  0   2  0  0  0  0  1/4    17:58   2:37   0:00 
Ondrej Kase              0  0  0   0  0   0  0  0  0  0  0/0     0:00   0:00   0:00 
Pavel Buchnevich         1  0  1   0  0   1  1  0  0  0  0/0     3:48   0:00   0:00 
Ryan Getzlaf             0  0  0  -1  2   1  1  1  0  0  13/22  19:48   2:15   2:13 
Sean Kuraly              0  0  0  -1  2   1  2  0  0  0  11/17  14:51   0:00   2:43 

Players Stats for Canucks

Player Name              G  A  P  +/- PIM S  H  SB GA TA FO     MP     PP MP  PK MP  
------------------------------------------------------------------------------------
Aaron Ekblad             0  0  0   0  0   0  1  1  0  0  0/0    18:19   0:00   2:31 
Alex Pietrangelo         0  2  2   2  0   4  4  1  0  0  0/0    24:04   4:06   1:30 
Anthony Duclair          1  0  1   1  0   2  0  1  0  0  1/1    20:22   2:46   0:12 
Blake Coleman            1  0  1   1  0   2  4  0  0  0  3/16   17:03   5:10   2:16 
Boone Jenner             0  0  0   0  0   0  0  0  0  0  5/6     6:09   0:00   1:30 
Brayden Point            1  1  2   1  0   6  0  0  0  0  10/21  21:33   4:19   0:00 
Chris Tierney            0  0  0   0  0   0  0  0  0  0  0/1     6:37   0:00   1:58 
Jake Muzzin              0  1  1   1  2   1  1  1  0  0  0/0    15:08   0:00   1:19 
Jake Virtanen            0  1  1   1  0   1  1  0  0  0  1/3    16:36   0:00   0:00 
Kevin Hayes              0  0  0   1  0   4  3  0  0  0  3/7    20:13   3:37   0:00 
Maxime Lajoie            0  0  0   0  0   0  0  0  0  0  0/0     0:00   0:00   0:00 
Mitch Marner             0  1  1   1  0   2  1  0  0  0  0/4    21:33   4:19   0:00 
Morgan Rielly            0  0  0   1  0   0  3  1  0  0  0/0    20:32   3:50   1:27 
Ron Hainsey              0  1  1   1  0   0  0  0  0  0  0/0    14:03   0:00   0:13 
Ryan Ellis               0  0  0   1  2   1  1  1  0  0  0/0    24:02   4:06   0:56 
Ryan O'Reilly            1  0  1   1  0   4  0  0  0  0  11/20  21:04   3:50   0:38 
Tanner Pearson           0  0  0   1  0   7  0  0  0  0  0/0    19:05   3:37   1:22 
Zach Sanford             0  0  0   1  0   1  1  0  0  0  0/1     9:37   0:00   0:00 

3 Stars

1 - Alex Pietrangelo (VAN)
2 - Blake Coleman (VAN)
3 - Brayden Point (VAN)

Power Play

Flames - 0 on 2 Attempt(s) - 0,00%
Canucks - 0 on 4 Attempt(s) - 0,00%

Penalty Kill

Flames - 4 on 4 Attempt(s) - 100,00% - Score 0 goal in Penalty Kill
Canucks - 2 on 2 Attempt(s) - 100,00% - Score 0 goal in Penalty Kill

Team Stat

Flames - Hits : 12 - Faceoff Wins : 46 - Blocked Shots : 9 - Penalty Minutes : 8
Canucks - Hits : 20 - Faceoff Wins : 34 - Blocked Shots : 6 - Penalty Minutes : 4

Official

Referees : Conor O'Donnell and Dan O'Halloran
Linesman : Jake Davis and Kyle Allen

Game Notes

No Game Note

Finance

Level 1 -- Attendance: 6500 (100,00%) -- Ticket Income 715 000 $
Level 2 -- Attendance: 5000 (100,00%) -- Ticket Income 375 000 $
Level 3 -- Attendance: 3265 (93,29%) -- Ticket Income 179 575 $
Level 4 -- Attendance: 2871 (98,66%) -- Ticket Income 114 840 $
Luxury Box -- Attendance: 1000 (100,00%) -- Ticket Income 199 000 $
Game was played at the Rogers Arena.
Total Attendance: 18636 (98,55%)
Total Ticket Income: 1 583 415 $
Other Income: 775 873 $
Total Income: 2 359 288 $

% Time on Ice - Flames

Lines # - Real PCT - Wanted PCT - Time Play
Normal Forward
1 - 35% - 40% - 16:55
2 - 32% - 30% - 15:21
3 - 25% - 20% - 12:02
4 - 8% - 10% - 3:48
Normal Defense
1 - 36% - 38% - 17:19
2 - 30% - 32% - 14:23
3 - 34% - 30% - 16:24
4 - 0% - 0% - 0:00
PP Forward
1 - 34% - 60% - 1:21
2 - 66% - 40% - 2:37
PP Defense
1 - 57% - 50% - 2:15
2 - 43% - 50% - 1:43
PK Forward
1 - 57% - 50% - 4:33
2 - 43% - 50% - 3:23
PK Defense
1 - 49% - 50% - 3:52
2 - 51% - 50% - 4:04
PK3 Forward
1 - 0% - 50%
2 - 0% - 50%
PK3 Defense
1 - 0% - 50%
2 - 0% - 50%
44 Forward
1 - 0% - 50%
2 - 0% - 50%
44 Defense
1 - 0% - 50%
2 - 0% - 50%
Last Minute Offensive  - 0:00
Last Minute Defensive  - 0:00
Total
Forward - 60:00
Defense - 60:00

% Time on Ice - Canucks

Lines # - Real PCT - Wanted PCT - Time Play
Normal Forward
1 - 35% - 40% - 16:36
2 - 36% - 35% - 17:14
3 - 20% - 20% - 9:37
4 - 10% - 5% - 4:39
Normal Defense
1 - 33% - 35% - 15:48
2 - 32% - 35% - 15:15
3 - 29% - 15% - 13:50
4 - 7% - 15% - 3:13
PP Forward
1 - 54% - 60% - 4:19
2 - 46% - 40% - 3:37
PP Defense
1 - 52% - 50% - 4:06
2 - 48% - 50% - 3:50
PK Forward
1 - 50% - 50% - 2:00
2 - 50% - 50% - 1:58
PK Defense
1 - 80% - 60% - 3:10
2 - 20% - 40% - 0:48
PK3 Forward
1 - 0% - 60%
2 - 0% - 40%
PK3 Defense
1 - 0% - 60%
2 - 0% - 40%
44 Forward
1 - 0% - 60%
2 - 0% - 40%
44 Defense
1 - 0% - 60%
2 - 0% - 40%
Last Minute Offensive  - 0:00
Last Minute Defensive  - 0:00
Total
Forward - 60:00
Defense - 60:00

Play-by-Play

1st period


0:01 of 1st period - Ryan O'Reilly wins face-off versus John Tavares in neutral zone.
0:18 of 1st period - Shot by Kevin Hayes.
0:18 of 1st period - Shot Misses the Net.
0:28 of 1st period - Shot by Kevin Hayes.
0:28 of 1st period - Shot Misses the Net.
0:30 of 1st period - Shot by Ryan O'Reilly.
0:30 of 1st period - Shot Blocked by Esa Lindell.
0:36 of 1st period - Shot by Jake Virtanen.
0:36 of 1st period - Stopped by Jordan Binnington without a rebound.
0:37 of 1st period - Brayden Point wins face-off versus Ryan Getzlaf in Flames zone.
0:51 of 1st period - Shot by Mitch Marner.
0:51 of 1st period - Shot Blocked by Brayden McNabb.
0:53 of 1st period - Shot by Alex Pietrangelo.
0:53 of 1st period - Stopped by Jordan Binnington with a rebound.
0:55 of 1st period - Shot by Alex Pietrangelo.
0:55 of 1st period - Stopped by Jordan Binnington without a rebound.
0:56 of 1st period - Blake Coleman wins face-off versus Sean Kuraly in Flames zone.
0:59 of 1st period - Shot by Tanner Pearson.
0:59 of 1st period - Shot Hit the Post.
1:01 of 1st period - Shot by Blake Coleman.
1:01 of 1st period - Shot Misses the Net.
1:27 of 1st period - Shot by Blake Coleman.
1:27 of 1st period - Shot Misses the Net.
1:29 of 1st period - Shot by Ron Hainsey.
1:29 of 1st period - Shot Misses the Net.
1:59 of 1st period - Shot by Brayden Point.
1:59 of 1st period - Stopped by Jordan Binnington without a rebound.
2:00 of 1st period - Ryan O'Reilly wins face-off versus Ryan Getzlaf in Flames zone.
2:12 of 1st period - Shot by Max Domi.
2:12 of 1st period - Deflect By Jakub Vrana.
2:12 of 1st period - Stopped by Carey Price with a rebound.
2:14 of 1st period - Shot by Brayden McNabb.
2:14 of 1st period - Stopped by Carey Price without a rebound.
2:15 of 1st period - John Tavares wins face-off versus Brayden Point in Canucks zone.
2:34 of 1st period - Shot by John Tavares.
2:34 of 1st period - Stopped by Carey Price with a rebound.
3:08 of 1st period - John Tavares is hit by Aaron Ekblad and loses puck.
3:28 of 1st period - Minor Penalty to Ryan Ellis for Interference.
3:29 of 1st period - Boone Jenner wins face-off versus Max Domi in Canucks zone.
3:38 of 1st period - Shot by Max Domi.
3:38 of 1st period - Stopped by Carey Price with a rebound.
3:50 of 1st period - Shot by Jakub Vrana.
3:50 of 1st period - Stopped by Carey Price without a rebound.
3:51 of 1st period - Boone Jenner wins face-off versus Max Domi in Canucks zone.
4:06 of 1st period - Aaron Ekblad is hit by Charlie Coyle and loses puck.
4:11 of 1st period - Shot by Esa Lindell.
4:11 of 1st period - Shot Misses the Net.
4:13 of 1st period - Shot by Esa Lindell.
4:13 of 1st period - Shot Misses the Net.
4:15 of 1st period - Shot by Esa Lindell.
4:15 of 1st period - Shot Misses the Net.
5:21 of 1st period - Shot by Esa Lindell.
5:21 of 1st period - Shot Misses the Net.
5:34 of 1st period - Icing by Ryan Ellis.
5:35 of 1st period - Jake Virtanen wins face-off versus John Tavares in Canucks zone.
5:46 of 1st period - Shot by Ryan O'Reilly.
5:46 of 1st period - Goal by Ryan O'Reilly - Flames : 0 - Canucks : 1.
5:47 of 1st period - Sean Kuraly wins face-off versus Brayden Point in neutral zone.
6:14 of 1st period - Shot by Brayden Point.
6:14 of 1st period - Stopped by Jordan Binnington with a rebound.
7:36 of 1st period - Shot by Ryan Getzlaf.
7:36 of 1st period - Shot Blocked by Ryan Ellis.
7:38 of 1st period - Shot by Jared Spurgeon.
7:38 of 1st period - Shot Misses the Net.
8:16 of 1st period - Shot by Brayden Point.
8:16 of 1st period - Shot Misses the Net.
8:18 of 1st period - Shot by Jake Muzzin.
8:18 of 1st period - Stopped by Jordan Binnington without a rebound.
8:19 of 1st period - John Tavares wins face-off versus Brayden Point in Flames zone.
8:19 of 1st period - John Tavares is hit by Mitch Marner.
8:29 of 1st period - Shot by Pavel Buchnevich.
8:29 of 1st period - Goal by Pavel Buchnevich - Flames : 1 - Canucks : 1.
8:30 of 1st period - Brayden Point wins face-off versus John Tavares in neutral zone.
9:16 of 1st period - Icing by Ryan Getzlaf.
9:17 of 1st period - Ryan O'Reilly wins face-off versus Ryan Getzlaf in Flames zone.
10:26 of 1st period - Shot by Sean Kuraly.
10:26 of 1st period - Stopped by Carey Price without a rebound.
10:27 of 1st period - John Tavares wins face-off versus Boone Jenner in Canucks zone.
10:27 of 1st period - John Tavares is hit by Alex Pietrangelo.
10:40 of 1st period - John Tavares is hit by Alex Pietrangelo and loses puck.
11:42 of 1st period - Shot by Charlie Coyle.
11:42 of 1st period - Shot Blocked by Jake Muzzin.
11:44 of 1st period - Shot by Charlie Coyle.
11:44 of 1st period - Shot Misses the Net.
11:45 of 1st period - Minor Penalty to Jake Muzzin for Interference.
11:46 of 1st period - Max Domi wins face-off versus Chris Tierney in Canucks zone.
12:59 of 1st period - Shot by Ryan Getzlaf.
12:59 of 1st period - Shot Misses the Net.
13:50 of 1st period - Icing by Marc Staal.
13:51 of 1st period - Brayden Point wins face-off versus John Tavares in Flames zone.
14:16 of 1st period - Shot by Mitch Marner.
14:16 of 1st period - Shot Misses the Net.
14:22 of 1st period - Mitch Marner is hit by Brock McGinn and loses puck.
14:57 of 1st period - Minor Penalty to Brayden McNabb for High sticking.
14:58 of 1st period - Sean Kuraly wins face-off versus Kevin Hayes in Flames zone.
15:15 of 1st period - Icing by Ryan Ellis.
15:16 of 1st period - Sean Kuraly wins face-off versus Kevin Hayes in Canucks zone.
15:48 of 1st period - Shot by Kevin Hayes.
15:48 of 1st period - Stopped by Jordan Binnington without a rebound.
15:49 of 1st period - Sean Kuraly wins face-off versus Mitch Marner in Flames zone.
15:49 of 1st period - Sean Kuraly is hit by Blake Coleman.
16:13 of 1st period - Shot by Mitch Marner.
16:13 of 1st period - Stopped by Jordan Binnington without a rebound.
16:14 of 1st period - Kevin Hayes wins face-off versus Ryan Getzlaf in Flames zone.
16:17 of 1st period - Shot by Tanner Pearson.
16:17 of 1st period - Stopped by Jordan Binnington with a rebound.
16:26 of 1st period - Icing by Kevin Hayes.
16:27 of 1st period - Ryan Getzlaf wins face-off versus Kevin Hayes in Canucks zone.
16:50 of 1st period - Shot by Anthony Duclair.
16:50 of 1st period - Shot Misses the Net.
17:04 of 1st period - Shot by John Tavares.
17:04 of 1st period - Shot Misses the Net.
17:09 of 1st period - Icing by Brayden Point.
17:10 of 1st period - Ryan Getzlaf wins face-off versus Brayden Point in Canucks zone.
17:31 of 1st period - Shot by Brayden Point.
17:31 of 1st period - Goal by Brayden Point - Flames : 1 - Canucks : 2.
17:32 of 1st period - John Tavares wins face-off versus Ryan O'Reilly in neutral zone.
17:37 of 1st period - Shot by Brady Tkachuk.
17:37 of 1st period - Stopped by Carey Price without a rebound.
17:38 of 1st period - John Tavares wins face-off versus Blake Coleman in Canucks zone.
17:39 of 1st period - Shot by Blake Wheeler.
17:39 of 1st period - Stopped by Carey Price without a rebound.
17:40 of 1st period - John Tavares wins face-off versus Blake Coleman in Canucks zone.
19:08 of 1st period - Icing by Alec Martinez.
19:09 of 1st period - Brayden Point wins face-off versus Ryan Getzlaf in Flames zone.
19:31 of 1st period - Brayden Point is hit by Ryan Getzlaf and loses puck.
19:38 of 1st period - Shot by Jakub Vrana.
19:38 of 1st period - Stopped by Carey Price without a rebound.
19:39 of 1st period - Boone Jenner wins face-off versus Sean Kuraly in Canucks zone.
Goals for this period are 1 for Flames vs 2 for Canucks.
Shots for this period are 10 for Flames vs 11 for Canucks.

2nd period


0:01 of 2nd period - John Tavares wins face-off versus Jake Virtanen in neutral zone.
0:14 of 2nd period - Shot by Kevin Hayes.
0:14 of 2nd period - Stopped by Jordan Binnington without a rebound.
0:15 of 2nd period - Ryan Getzlaf wins face-off versus Blake Coleman in Flames zone.
0:22 of 2nd period - Shot by Tanner Pearson.
0:22 of 2nd period - Shot Misses the Net.
0:28 of 2nd period - Shot by Blake Coleman.
0:28 of 2nd period - Shot Misses the Net.
0:39 of 2nd period - Icing by Brayden McNabb.
0:40 of 2nd period - Ryan Getzlaf wins face-off versus Ryan O'Reilly in Flames zone.
2:01 of 2nd period - Shot by Brayden Point.
2:01 of 2nd period - Stopped by Jordan Binnington without a rebound.
2:02 of 2nd period - Sean Kuraly wins face-off versus Blake Coleman in Flames zone.
2:10 of 2nd period - Ethan Bear is hit by Jake Muzzin and loses puck.
2:27 of 2nd period - Shot by Tanner Pearson.
2:27 of 2nd period - Stopped by Jordan Binnington without a rebound.
2:28 of 2nd period - Ryan O'Reilly wins face-off versus Brady Tkachuk in Flames zone.
2:40 of 2nd period - Icing by John Tavares.
2:41 of 2nd period - John Tavares wins face-off versus Mitch Marner in Flames zone.
2:54 of 2nd period - Shot by John Tavares.
2:54 of 2nd period - Stopped by Carey Price with a rebound.
2:57 of 2nd period - Icing by Alex Pietrangelo.
2:58 of 2nd period - Brayden Point wins face-off versus Sean Kuraly in Canucks zone.
3:12 of 2nd period - Off-side.
3:13 of 2nd period - Ryan O'Reilly wins face-off versus John Tavares in neutral zone.
3:18 of 2nd period - Shot by Kevin Hayes.
3:18 of 2nd period - Stopped by Jordan Binnington without a rebound.
3:19 of 2nd period - Kevin Hayes wins face-off versus John Tavares in Flames zone.
3:26 of 2nd period - Shot by Ryan O'Reilly.
3:26 of 2nd period - Stopped by Jordan Binnington without a rebound.
3:27 of 2nd period - Ryan O'Reilly wins face-off versus John Tavares in Flames zone.
3:32 of 2nd period - Shot by Alex Pietrangelo.
3:32 of 2nd period - Stopped by Jordan Binnington with a rebound.
3:35 of 2nd period - Icing by Jared Spurgeon.
3:36 of 2nd period - Ryan O'Reilly wins face-off versus John Tavares in Flames zone.
3:52 of 2nd period - Icing by Kevin Hayes.
3:53 of 2nd period - Ryan Getzlaf wins face-off versus Ryan O'Reilly in Canucks zone.
4:00 of 2nd period - Shot by Max Domi.
4:00 of 2nd period - Shot Misses the Net.
4:02 of 2nd period - Shot by Marc Staal.
4:02 of 2nd period - Shot Misses the Net.
4:04 of 2nd period - Shot by Ryan Getzlaf.
4:04 of 2nd period - Stopped by Carey Price with a rebound.
5:16 of 2nd period - Minor Penalty to Jared Spurgeon for Tripping.
5:17 of 2nd period - Sean Kuraly wins face-off versus Mitch Marner in Flames zone.
5:17 of 2nd period - Alec Martinez is hit by Blake Coleman.
5:33 of 2nd period - Shot by Brayden Point.
5:33 of 2nd period - Stopped by Jordan Binnington without a rebound.
5:34 of 2nd period - Ryan Getzlaf wins face-off versus Kevin Hayes in Flames zone.
5:53 of 2nd period - Shot by Ryan Ellis.
5:53 of 2nd period - Shot Blocked by Marc Staal.
5:55 of 2nd period - Shot by Alex Pietrangelo.
5:55 of 2nd period - Shot Blocked by Ryan Getzlaf.
5:57 of 2nd period - Shot by Ryan Ellis.
5:57 of 2nd period - Stopped by Jordan Binnington without a rebound.
5:58 of 2nd period - Sean Kuraly wins face-off versus Brayden Point in Flames zone.
6:17 of 2nd period - Shot by Ryan O'Reilly.
6:17 of 2nd period - Stopped by Jordan Binnington without a rebound.
6:18 of 2nd period - Kevin Hayes wins face-off versus Sean Kuraly in Flames zone.
6:27 of 2nd period - Shot by Ryan Ellis.
6:27 of 2nd period - Shot Misses the Net.
6:29 of 2nd period - Shot by Alex Pietrangelo.
6:29 of 2nd period - Stopped by Jordan Binnington without a rebound.
6:30 of 2nd period - Brayden Point wins face-off versus Ryan Getzlaf in Flames zone.
6:42 of 2nd period - Icing by Blake Coleman.
6:43 of 2nd period - Ryan Getzlaf wins face-off versus Brayden Point in Canucks zone.
7:40 of 2nd period - Shot by Brady Tkachuk.
7:40 of 2nd period - Stopped by Carey Price with a rebound.
8:37 of 2nd period - Icing by Morgan Rielly.
8:38 of 2nd period - Sean Kuraly wins face-off versus Mitch Marner in Canucks zone.
8:41 of 2nd period - Shot by Charlie Coyle.
8:41 of 2nd period - Shot Misses the Net.
9:08 of 2nd period - Andrew Mangiapane is hit by Morgan Rielly.
9:32 of 2nd period - Alex Pietrangelo is hit by Pavel Buchnevich and loses puck.
9:52 of 2nd period - John Tavares is hit by Morgan Rielly and loses puck.
9:57 of 2nd period - Shot by John Tavares.
9:57 of 2nd period - Shot Misses the Net.
10:27 of 2nd period - Shot by Kevin Hayes.
10:27 of 2nd period - Stopped by Jordan Binnington without a rebound.
10:28 of 2nd period - Blake Coleman wins face-off versus John Tavares in Flames zone.
10:49 of 2nd period - Shot by Zach Sanford.
10:49 of 2nd period - Deflect By Tanner Pearson.
10:49 of 2nd period - Shot Blocked by Brayden McNabb.
10:59 of 2nd period - Shot by Tanner Pearson.
10:59 of 2nd period - Stopped by Jordan Binnington without a rebound.
11:00 of 2nd period - Ryan Getzlaf wins face-off versus Ryan O'Reilly in Flames zone.
11:27 of 2nd period - Max Domi is hit by Jake Virtanen and loses puck.
12:12 of 2nd period - Shot by Tanner Pearson.
12:12 of 2nd period - Stopped by Jordan Binnington without a rebound.
12:13 of 2nd period - John Tavares wins face-off versus Blake Coleman in Flames zone.
12:20 of 2nd period - Shot by Blake Coleman.
12:20 of 2nd period - Deflect By Tanner Pearson.
12:20 of 2nd period - Stopped by Jordan Binnington without a rebound.
12:21 of 2nd period - Andrew Mangiapane wins face-off versus Blake Coleman in Flames zone.
12:28 of 2nd period - Shot by Jared Spurgeon.
12:28 of 2nd period - Shot Misses the Net.
13:15 of 2nd period - Shot by Kevin Hayes.
13:15 of 2nd period - Shot Misses the Net.
13:47 of 2nd period - Shot by Mitch Marner.
13:47 of 2nd period - Stopped by Jordan Binnington without a rebound.
13:48 of 2nd period - John Tavares wins face-off versus Brayden Point in Flames zone.
14:00 of 2nd period - Brayden Point is hit by Brayden McNabb and loses puck.
14:03 of 2nd period - Shot by Mitch Marner.
14:03 of 2nd period - Shot Misses the Net.
14:11 of 2nd period - Shot by Brayden Point.
14:11 of 2nd period - Stopped by Jordan Binnington without a rebound.
14:12 of 2nd period - Ryan Getzlaf wins face-off versus Blake Coleman in Flames zone.
14:42 of 2nd period - Shot by Tanner Pearson.
14:42 of 2nd period - Stopped by Jordan Binnington with a rebound.
14:44 of 2nd period - Shot by Tanner Pearson.
14:44 of 2nd period - Stopped by Jordan Binnington with a rebound.
15:24 of 2nd period - Shot by Mitch Marner.
15:24 of 2nd period - Shot Misses the Net.
15:54 of 2nd period - Shot by Brady Tkachuk.
15:54 of 2nd period - Shot Misses the Net.
16:32 of 2nd period - Shot by Charlie Coyle.
16:32 of 2nd period - Shot Misses the Net.
16:34 of 2nd period - Shot by Esa Lindell.
16:34 of 2nd period - Stopped by Carey Price without a rebound.
16:35 of 2nd period - Sean Kuraly wins face-off versus Ryan O'Reilly in Canucks zone.
17:04 of 2nd period - Shot by Sean Kuraly.
17:04 of 2nd period - Shot Misses the Net.
17:22 of 2nd period - Shot by John Tavares.
17:22 of 2nd period - Shot Misses the Net.
17:24 of 2nd period - Shot by Blake Wheeler.
17:24 of 2nd period - Stopped by Carey Price with a rebound.
17:30 of 2nd period - Shot by John Tavares.
17:30 of 2nd period - Stopped by Carey Price with a rebound.
17:32 of 2nd period - Shot by Blake Wheeler.
17:32 of 2nd period - Deflect By John Tavares.
17:32 of 2nd period - Shot Blocked by Aaron Ekblad.
17:34 of 2nd period - Shot by Brayden McNabb.
17:34 of 2nd period - Stopped by Carey Price without a rebound.
17:35 of 2nd period - Ryan Getzlaf wins face-off versus Blake Coleman in Canucks zone.
17:35 of 2nd period - Max Domi is hit by Morgan Rielly and loses puck.
17:39 of 2nd period - Jakub Vrana is hit by Alex Pietrangelo and loses puck.
18:38 of 2nd period - Shot by Charlie Coyle.
18:38 of 2nd period - Stopped by Carey Price without a rebound.
18:39 of 2nd period - Ryan O'Reilly wins face-off versus John Tavares in Canucks zone.
18:39 of 2nd period - Ryan O'Reilly is hit by Brady Tkachuk.
18:45 of 2nd period - Shot by Blake Wheeler.
18:45 of 2nd period - Shot Misses the Net.
19:10 of 2nd period - Shot by Brady Tkachuk.
19:10 of 2nd period - Shot Misses the Net.
19:18 of 2nd period - Shot by Brady Tkachuk.
19:18 of 2nd period - Shot Misses the Net.
Goals for this period are 0 for Flames vs 0 for Canucks.
Shots for this period are 8 for Flames vs 18 for Canucks.

3rd period


0:01 of 3rd period - John Tavares wins face-off versus Ryan O'Reilly in neutral zone.
0:51 of 3rd period - Icing by Esa Lindell.
0:52 of 3rd period - John Tavares wins face-off versus Brayden Point in Flames zone.
2:15 of 3rd period - Shot by Tanner Pearson.
2:15 of 3rd period - Deflect By Zach Sanford.
2:15 of 3rd period - Shot Misses the Net.
2:21 of 3rd period - Shot by Tanner Pearson.
2:21 of 3rd period - Shot Misses the Net.
2:56 of 3rd period - Icing by Alec Martinez.
2:57 of 3rd period - Ryan O'Reilly wins face-off versus Ryan Getzlaf in Flames zone.
3:28 of 3rd period - Shot by Andrew Mangiapane.
3:28 of 3rd period - Stopped by Carey Price without a rebound.
3:29 of 3rd period - Boone Jenner wins face-off versus Andrew Mangiapane in Canucks zone.
4:00 of 3rd period - Minor Penalty to Sean Kuraly for Slashing.
4:01 of 3rd period - Brayden Point wins face-off versus Brock McGinn in Flames zone.
4:28 of 3rd period - Shot by Brock McGinn.
4:28 of 3rd period - Shot Misses the Net.
5:44 of 3rd period - Icing by Blake Coleman.
5:45 of 3rd period - Brayden Point wins face-off versus Jakub Vrana in Canucks zone.
6:50 of 3rd period - Shot by Ryan O'Reilly.
6:50 of 3rd period - Stopped by Jordan Binnington without a rebound.
6:51 of 3rd period - John Tavares wins face-off versus Brayden Point in Flames zone.
7:59 of 3rd period - Shot by Ryan O'Reilly.
7:59 of 3rd period - Shot Blocked by Alec Martinez.
8:01 of 3rd period - Shot by Ryan Ellis.
8:01 of 3rd period - Shot Blocked by Alec Martinez.
8:03 of 3rd period - Shot by Ryan Ellis.
8:03 of 3rd period - Shot Misses the Net.
8:50 of 3rd period - Off-side.
8:51 of 3rd period - Blake Coleman wins face-off versus Ryan Getzlaf in neutral zone.
8:57 of 3rd period - Icing by Ryan Getzlaf.
8:58 of 3rd period - Ryan Getzlaf wins face-off versus Blake Coleman in Flames zone.
9:03 of 3rd period - Minor Penalty to Ryan Getzlaf for Roughing.
9:04 of 3rd period - Jakub Vrana wins face-off versus Blake Coleman in Flames zone.
9:04 of 3rd period - Jakub Vrana is hit by Blake Coleman.
9:18 of 3rd period - Shot by Brayden Point.
9:18 of 3rd period - Shot Blocked by Brayden McNabb.
9:33 of 3rd period - Icing by Ryan Ellis.
9:34 of 3rd period - Brayden Point wins face-off versus Sean Kuraly in Canucks zone.
11:13 of 3rd period - Shot by Chris Tierney.
11:13 of 3rd period - Shot Misses the Net.
11:35 of 3rd period - Boone Jenner is hit by Ethan Bear and loses puck.
11:43 of 3rd period - Icing by Ethan Bear.
11:44 of 3rd period - Ryan O'Reilly wins face-off versus Ryan Getzlaf in Flames zone.
11:55 of 3rd period - Shot by Ryan O'Reilly.
11:55 of 3rd period - Shot Misses the Net.
12:38 of 3rd period - Shot by Anthony Duclair.
12:38 of 3rd period - Stopped by Jordan Binnington without a rebound.
12:39 of 3rd period - Sean Kuraly wins face-off versus Blake Coleman in Flames zone.
12:44 of 3rd period - Shot by Blake Coleman.
12:44 of 3rd period - Shot Blocked by Brayden McNabb.
13:00 of 3rd period - Shot by Blake Coleman.
13:00 of 3rd period - Goal by Blake Coleman - Flames : 1 - Canucks : 3.
13:01 of 3rd period - John Tavares wins face-off versus Brayden Point in neutral zone.
13:10 of 3rd period - Shot by Blake Wheeler.
13:10 of 3rd period - Shot Blocked by Anthony Duclair.
13:12 of 3rd period - Shot by Esa Lindell.
13:12 of 3rd period - Shot Misses the Net.
13:30 of 3rd period - Shot by Jared Spurgeon.
13:30 of 3rd period - Shot Misses the Net.
13:32 of 3rd period - Shot by Jared Spurgeon.
13:32 of 3rd period - Stopped by Carey Price without a rebound.
13:33 of 3rd period - Ryan O'Reilly wins face-off versus Sean Kuraly in Canucks zone.
13:33 of 3rd period - Ryan O'Reilly is hit by Sean Kuraly.
13:41 of 3rd period - Brayden McNabb is hit by Kevin Hayes.
14:36 of 3rd period - Alex Pietrangelo is hit by Brock McGinn and loses puck.
14:41 of 3rd period - Shot by Pavel Buchnevich.
14:41 of 3rd period - Deflect By John Tavares.
14:41 of 3rd period - Shot Misses the Net.
14:43 of 3rd period - Shot by Jared Spurgeon.
14:43 of 3rd period - Shot Blocked by Alex Pietrangelo.
14:45 of 3rd period - Shot by Jared Spurgeon.
14:45 of 3rd period - Shot Blocked by Morgan Rielly.
14:47 of 3rd period - Shot by Brock McGinn.
14:47 of 3rd period - Stopped by Carey Price with a rebound.
14:49 of 3rd period - Shot by Esa Lindell.
14:49 of 3rd period - Shot Misses the Net.
14:51 of 3rd period - Shot by Jared Spurgeon.
14:51 of 3rd period - Stopped by Carey Price without a rebound.
14:52 of 3rd period - Ryan Getzlaf wins face-off versus Brayden Point in Canucks zone.
14:55 of 3rd period - Shot by Max Domi.
14:55 of 3rd period - Stopped by Carey Price without a rebound.
14:56 of 3rd period - Brayden Point wins face-off versus Max Domi in Canucks zone.
15:32 of 3rd period - Shot by Brayden Point.
15:32 of 3rd period - Deflect By Mitch Marner.
15:32 of 3rd period - Shot Misses the Net.
16:06 of 3rd period - Off-side.
16:07 of 3rd period - Boone Jenner wins face-off versus John Tavares in neutral zone.
16:16 of 3rd period - Icing by Brayden McNabb.
16:17 of 3rd period - John Tavares wins face-off versus Blake Coleman in Flames zone.
16:17 of 3rd period - Brady Tkachuk is hit by Zach Sanford.
16:21 of 3rd period - Shot by Blake Wheeler.
16:21 of 3rd period - Stopped by Carey Price without a rebound.
16:22 of 3rd period - Blake Wheeler wins face-off versus Blake Coleman in Canucks zone.
16:33 of 3rd period - Brady Tkachuk is hit by Blake Coleman and loses puck.
16:46 of 3rd period - Shot by Tanner Pearson.
16:46 of 3rd period - Deflect By Zach Sanford.
16:46 of 3rd period - Stopped by Jordan Binnington without a rebound.
16:47 of 3rd period - Sean Kuraly wins face-off versus Ryan O'Reilly in Flames zone.
16:47 of 3rd period - Sean Kuraly is hit by Kevin Hayes.
16:54 of 3rd period - Alec Martinez is hit by Ryan Ellis and loses puck.
17:10 of 3rd period - Ryan O'Reilly is hit by Sean Kuraly and loses puck.
17:19 of 3rd period - Shot by Charlie Coyle.
17:19 of 3rd period - Shot Misses the Net.
17:54 of 3rd period - Shot by Anthony Duclair.
17:54 of 3rd period - Goal by Anthony Duclair - Flames : 1 - Canucks : 4.
17:55 of 3rd period - Ryan Getzlaf wins face-off versus Zach Sanford in neutral zone.
18:27 of 3rd period - Zach Sanford is hit by Jared Spurgeon and loses puck.
18:30 of 3rd period - Shot by Blake Coleman.
18:30 of 3rd period - Stopped by Jordan Binnington without a rebound.
18:31 of 3rd period - Anthony Duclair wins face-off versus John Tavares in Flames zone.
18:44 of 3rd period - Shot by Brayden Point.
18:44 of 3rd period - Shot Misses the Net.
18:53 of 3rd period - John Tavares is hit by Alex Pietrangelo.
19:25 of 3rd period - Icing by Ethan Bear.
19:26 of 3rd period - John Tavares wins face-off versus Ryan O'Reilly in Flames zone.
19:33 of 3rd period - Icing by Marc Staal.
19:34 of 3rd period - Brady Tkachuk wins face-off versus Jake Virtanen in Flames zone.
19:34 of 3rd period - Brady Tkachuk is hit by Kevin Hayes.
19:37 of 3rd period - Icing by Ethan Bear.
19:38 of 3rd period - John Tavares wins face-off versus Ryan O'Reilly in Flames zone.
19:59 of 3rd period - Kevin Hayes is hit by Jared Spurgeon and loses puck.
Goals for this period are 0 for Flames vs 2 for Canucks.
Shots for this period are 6 for Flames vs 6 for Canucks.